 Dungeon Crawl Stone Soup version bcrawl-1.19.2-6-g6a88ae04c9 (webtiles) character file.

Game seed: 10932546371837860577

1647 Freyura the Twirler (level 8, -4/62 HPs)
             Began as a Demonspawn Gladiator on Dec 28, 2019.
             Was an Initiate of Ru.
             Slain by a bullfrog (5 damage)
             ... on level 6 of the Dungeon.
             The game lasted 00:19:25 (6115 turns).

Freyura the Twirler (Demonspawn Gladiator)          Turns: 6115, Time: 00:19:26

Health: -4/62      AC: 11    Str: 19    XL:     8   Next: 67%
Magic:  8/8        EV: 10    Int:  9    God:    Ru [......]
Gold:   317        SH:  0    Dex: 18    Spells: 7/7 levels left

rFire    . . .     SeeInvis .   a - +1 quarterstaff
rCold    . . .     Gourm    .   (shield currently unavailable)
rNeg     . . .     Faith    .   p - +0 chain mail
rPois    .         Spirit   .   c - +1 helmet
rElec    .         Reflect  .   (no cloak)
rCorr    .         Harm     .   (no gloves)
MR       +....                  (no boots)
Stlth    ..........             m - amulet of inaccuracy (curse)
HPRegen  0.20/turn              s - ring of protection from magic
MPRegen  0.11/turn              (no ring)

@: mighty
A: spiny 1, rot immunity, no stealth
a: Renounce Religion


You were on level 6 of the Dungeon.
You worshipped Ru.
Ru was noncommittal.
You were hungry.

You visited 2 branches of the dungeon, and saw 7 of its levels.
You also visited: Sewer.

You collected 317 gold pieces.

Inventory:

Hand Weapons
 a - a +1 quarterstaff (weapon)
Missiles
 d - 3 throwing nets (quivered) {!f}
Armour
 b - a +0 leather armour
 c - a +1 helmet (worn)
 g - a +0 scale mail
 k - a +0 ring mail
 p - a +0 chain mail (worn)
Jewellery
 m - a cursed amulet of inaccuracy (around neck)
 s - a ring of protection from magic (left hand)
Wands
 q - a wand of paralysis (13)
Potions
 e - a potion of flight {unknown}
 i - a potion of invisibility {unknown}
 j - 2 potions of haste
 l - a potion of lignification {unknown}
 n - a potion of might
 o - a potion of brilliance {unknown}
 r - 3 potions of heal wounds {unknown}
 u - a potion of agility {unknown}
Comestibles
 f - 12 rations {!d}


   Skills:
 + Level 5.2 Fighting
 * Level 6.9 Staves
 - Level 1.7 Throwing
 + Level 4.2 Armour
 + Level 5.2 Dodging


You had 7 spell levels left.
You didn't know any spells.
Your spell library was empty.

Dungeon Overview and Level Annotations

Branches:
Dungeon (6/12)             Temple (1/1) D:4

Altars:
Ashenzari
Cheibriados
Dithmenos
Elyvilon
Fedhas
Gozag
Hepliaklqana
Kikubaaqudgha
Lugonu
Makhleb
Nemelex Xobeh
Okawaru
Qazlal
Ru
Sif Muna
Trog
Uskayaw
Vehumet
Wu Jian
Xom
Yredelemnul
Zin
The Shining One


Innate Abilities, Weirdness & Mutations

You are partially covered in sharp spines.
You are immune to rotting.
You cannot be stealthy.


Message History

You sock the crocodile!
The crocodile is severely wounded.
You hear an angry growl.
The crocodile bites you.
* * * LOW HITPOINT WARNING * * *
You sock the crocodile!
The crocodile is almost dead.
The crocodile closely misses you.
You sock the crocodile!
You kill the crocodile!
The bullfrog is struck by your spines.
The bullfrog hits you but does no damage.
You closely miss the bullfrog.
The bullfrog is moderately wounded.
The bullfrog hits you.
* * * LOW HITPOINT WARNING * * *
You miss the bullfrog.
The bullfrog is moderately wounded.
The bullfrog hits you.
You die...

## )# #. ##
###.## .
##.##@#.#
#.#.#F#.#
#..#.5..#
#...#.#
#.?..#......#
#.....#....####
....#......#
.#.......#...
..............


You could see a bullfrog and a shadow imp.

Vanquished Creatures
  A hippogriff (D:6)
  A crocodile (D:6)
  An ice beast (D:6)
  A sky beast (D:5)
  3 scorpions (D:4)
  5 wights (D:6)
  3 crimson imps
  A jelly (D:6)
  A bullfrog zombie (D:6)
  2 hounds
  A bullfrog skeleton (D:6)
  An orc priest (D:5)
  A centaur skeleton (D:4)
  Terence (D:3)
  6 orc wizards
  2 worker ants
  A hound zombie (D:3)
  A howler monkey skeleton (D:4)
  8 adders
  3 gnolls (D:2)
  2 shadow imps
  An ooze (D:2)
  2 adder skeletons
  3 worms
  4 dart slugs
  3 leopard geckos
  22 orcs
  6 bats
  4 giant cockroaches
  6 goblins
  9 hobgoblins
  6 jackals (Sewer)
  2 quokkas
  3 ball pythons
  10 frilled lizards
  6 kobolds
  6 rats
  A plant (Sewer)
140 creatures vanquished.

Notes
Turn   | Place    | Note
-------+----------+-------------------------------------------
     0 | D:1      | Freyura the Demonspawn Gladiator began the quest for the
                  | Orb.
     0 | D:1      | Reached XP level 1. HP: 16/16 MP: 1/1
   172 | D:1      | Gained mutation: You are partially covered in sharp spines.
                  | [demonic ancestry]
   172 | D:1      | Reached XP level 2. HP: 16/22 MP: 2/2
   263 | D:1      | Reached skill level 3 in Staves
  1297 | D:2      | Reached XP level 3. HP: 27/28 MP: 3/3
  1348 | D:2      | Reached skill level 1 in Armour
  1804 | D:2      | Reached XP level 4. HP: 28/34 MP: 4/4
  1998 | D:2      | Found a hazy altar of Hepliaklqana.
  2320 | D:3      | Noticed Terence
  2330 | D:3      | Killed Terence
  2368 | D:3      | HP: 1/34 [poisoned by Terence]
  2763 | D:3      | Reached XP level 5. HP: 40/40 MP: 5/5
  2831 | D:3      | Reached skill level 4 in Staves
  3133 | D:3      | Reached XP level 6. HP: 47/47 MP: 6/6
  3298 | D:4      | Found a snail-covered altar of Cheibriados.
  3298 | D:4      | Found a white marble altar of Elyvilon.
  3300 | D:4      | Found a hide-covered altar of Uskayaw.
  3300 | D:4      | Found an iron altar of Okawaru.
  3302 | D:4      | Found a stormy altar of Qazlal.
  3302 | D:4      | Found a glowing golden altar of the Shining One.
  3619 | D:4      | Found a staircase to the Ecumenical Temple.
  3628 | Temple   | Entered the Ecumenical Temple
  3827 | Temple   | Became a worshipper of Ru the Awakened
  3992 | D:4      | Reached skill level 5 in Staves
  3992 | D:4      | Reached XP level 7. HP: 43/53 MP: 7/7
  4204 | D:5      | Entered Level 5 of the Dungeon
  5103 | D:6      | Found a glowing drain.
  5144 | Sewer    | Entered a sewer
  5166 | Sewer    | Gained mutation: You cannot be stealthy. [Ru sacrifice]
  5750 | D:6      | Noticed a hippogriff
  5764 | D:6      | Killed a hippogriff
  5764 | D:6      | Reached skill level 6 in Staves
  5764 | D:6      | Gained mutation: You are immune to rotting. [demonic
                  | ancestry]
  5764 | D:6      | Reached XP level 8. HP: 44/61 MP: 8/8
  6084 | D:6      | Reached skill level 5 in Fighting
  6084 | D:6      | Reached skill level 5 in Dodging
  6111 | D:6      | HP: 3/62 [crocodile (3)]
  6114 | D:6      | HP: 1/62 [bullfrog (2)]
  6115 | D:6      | Slain by a bullfrog

Skill      XL: |  1  2  3  4  5  6  7  8 |
---------------+-------------------------+-----
Staves         | 3 4 5 6 |  6.9
Armour         | 1 2 3 4 |  4.2
Dodging        | 3 4 5 |  5.2
Fighting       | 3 4 5 |  5.2
Throwing       | |  1.7

Action                   |  1- 3 |  4- 6 |  7- 9 || total
-------------------------+-------+-------+-------++-------
Melee: Quarterstaff      |    70 |   132 |   269 ||   471
Invok: Sacrifice Stealth |       |       |     1 ||     1
  Use: Scroll            |     5 |     1 |     5 ||    11
       Potion            |       |       |     4 ||     4
  Eat: Chunk             |     2 |     7 |     4 ||    13
       Ration            |       |       |     1 ||     1
Armor: Leather armour    |    16 |     1 |       ||    17
       Ring mail         |       |    40 |       ||    40
       Scale mail        |       |     3 |       ||     3
       Chain mail        |       |       |   155 ||   155
Dodge: Dodged            |    39 |    58 |    87 ||   184
